 Dungeon Crawl Stone Soup version 0.28.0-53-g5a82cb258f (webtiles) character file.

Game seed: 7346090653589986043

1476 H0rd4k the Cudgeller (level 9, 0/66 HPs)
             Began as a Human Artificer on July 22, 2022.
             Shot with an arrow by a centaur (6 damage)
             ... on level 6 of the Dungeon.
             The game lasted 00:11:18 (9624 turns).

H0rd4k the Cudgeller (Human Artificer)              Turns: 9624, Time: 00:11:18

Health: 0/66       AC:  7    Str: 13    XL:     9   Next: 6%
Magic:  9/9        EV: 12    Int: 16    God:
Gold:   169        SH:  0    Dex: 13    Spells: 8/8 levels left

rFire   . . .      SeeInvis .   s - +4 flail
rCold   . . .      Faith    .   (no shield)
rNeg    . . .      Spirit   .   z - +3 leather armour
rPois   .          Reflect  .   y - +1 hat
rElec   .          Harm     .   (no cloak)
rCorr   .          Rampage  .   (no gloves)
Will    .....                   (no boots)
Stlth   +.........              (no amulet)
HPRegen 0.21/turn               h - ring of flight
MPRegen 0.11/turn               (no ring)

@: flying
A: no striking features
a: no special abilities


You were on level 6 of the Dungeon.
You visited 1 branch of the dungeon, and saw 6 of its levels.

You collected 169 gold pieces.

Inventory:

Hand Weapons
 s - a +4 flail (weapon)
Missiles
 o - 5 poisoned darts (quivered)
Armour
 b - a +0 leather armour
 f - an orb of light
 y - a +1 hat (worn)
 z - a +3 leather armour (worn)
Jewellery
 h - a ring of flight (left hand)
Wands
 d - a wand of charming (10)
 t - a wand of digging (6)
Scrolls
 g - a scroll of fog {unknown}
 j - 2 scrolls of holy word {unknown}
 k - 4 scrolls of magic mapping {unknown}
 m - 3 scrolls of teleportation {unknown}
 n - 5 scrolls of identify {unknown}
 q - a scroll of noise {unknown}
 r - 2 scrolls of vulnerability {unknown}
 v - a scroll of enchant armour {unknown}
 w - a scroll of blinking {unknown}
Potions
 a - 2 potions of brilliance {unknown}
 c - a potion of curing
 i - 2 potions of magic {unknown}
 l - a potion of flight {unknown}
 p - 2 potions of heal wounds {unknown}
 u - a potion of degeneration {unknown}
 x - a potion of might {unknown}
Miscellaneous
 e - a piece from Xom's chessboard (14/15)


   Skills:
 + Level 4.7 Fighting
 + Level 0.4(4.8) Axes
 + Level 7.8 Maces & Flails
 - Level 2.0 Armour
 + Level 3.9 Dodging
 - Level 1.0 Stealth
 + Level 4.3 Evocations


You had 8 spell levels left.
You didn't know any spells.
Your spell library contained the following spells:

 Spells                   Type           Power      Damage    Failure   Level
 Animate Skeleton         Necr           0%         N/A       32%         1
 Freeze                   Ice            0%         1d3       32%         1
 Magic Dart               Conj           0%         1d3       32%         1
 Pain                     Necr           0%         1d4       32%         1
 Call Imp                 Summ           0%         N/A       43%         2
 Frozen Ramparts          Ice            0%         1d2       67%         3
 Mephitic Cloud           Conj/Pois/Air  0%         N/A       67%         3
 Vampiric Draining        Necr           0%         2d6       67%         3
 Hailstorm                Conj/Ice       0%         3d3       97%         4
 Ice Form                 Ice/Tmut       0%         N/A       97%         4
 Simulacrum               Ice/Necr       0%         N/A       100%        6


Dungeon Overview and Level Annotations

Branches:
Dungeon (6/15)             Temple (0/1) D:6

Altars:
Yredelemnul
Zin

Annotations:
D:2 exclusion: downstairs
D:3 exclusion: downstairs
D:5 3 runed translucent doors, exclusions: 3 doors and downstairs, qipq's ghost, novice OgFE
D:6 Prince Ribbit


Message History

Press: ? - help, Shift-Dir - straight line, f/p - Prince Ribbit
Aim: Prince Ribbit (chance to affect: 42%) Prince Ribbit resists with some effort.
Prince Ribbit hits you but does no damage.
Unknown command.
Saving game... please wait.
Level annotation: Prince Ribbit Welcome back, H0rd4k the Human Artificer.
Press ? for a list of commands and other information.
Aiming: Charm
Press: ? - help, Shift-Dir - straight line, f - Prince Ribbit
Aim: Prince Ribbit (chance to affect: 42%) Prince Ribbit is charmed.
What are your orders? t - Shout!
Orders for allies: a - Attack new target. p - Attack previous target. r - Retreat! s - Stop attacking. g - Guard the area. f - Follow me.
Anything else - Cancel.
Guard this area!
o - a poisoned dart
o - 2 poisoned darts (gained 1)
o - 5 poisoned darts (gained 3)
Found a fizzy yellow potion.
Found a staircase to the Ecumenical Temple.
A centaur comes into view.
The centaur shouts!
You hear a shout!
The centaur wields a +0 shortbow.
The centaur shoots an arrow.
The arrow hits you.
An orc comes into view. It is wielding a +0 mace.
The centaur shoots an arrow.
The arrow hits you!
* * * LOW HITPOINT WARNING * * *
You don't have any such object.
Evoke which item? (* to show all) (? for menu, Esc to quit)
Okay, then.
Aiming: Charm
Press: ? - help, Shift-Dir - straight line, f - orc
Aim: an orc, wielding a +0 mace and wearing a +0 leather armour (chance to affect: 76%)
The orc is charmed.
The centaur shoots an arrow.
The arrow hits you.
You die...

#..# # #.## #
#.# # ####
#.# #.o.##.#
#..#.# #
#....# #
#...###...##
#
......!@...#
#
..#.....#...#
# #..>..###.#
# #.....# .#
# .c...... .#
# ....###.. #
# #... ... #
#.. .... #
#.#..
##########


You could see a centaur and a friendly orc (charmed).

Vanquished Creatures
  A yak (D:5)
  A sky beast (D:6)
  3 ogres
  A phantom (D:5)
  A lemure (D:4)
  A water moccasin zombie (D:5)
  2 water moccasin skeletons
  6 hounds
  A jelly (D:5)
  3 orc priests
  6 orc wizards
  2 gnolls (D:4)
  6 adders
  A howler monkey skeleton (D:5)
  A shadow imp (D:5)
  A white imp (D:6)
  An ufetubus (D:4)
  2 adder skeletons (D:4)
  3 worms
  3 dart slugs (D:4)
  13 orcs
  9 ball pythons
  An endoplasm (D:1)
  3 giant cockroaches
  4 goblins
  5 hobgoblins
  4 jackals (D:4)
  9 kobolds
  3 quokkas
  6 bats
  A quokka skeleton (D:4)
  5 rats
109 creatures vanquished.

Vanquished Creatures (collateral kills)
  A necrophage (D:5)
  A centaur zombie (D:5)
  A centaur skeleton (D:5)
  An orc wizard (D:3)
  A gnoll (D:5)
  3 orcs
  A ball python (D:4)
9 creatures vanquished.

Vanquished Creatures (others)
  Dowan (D:4)
  A hound (D:4)
  2 orcs (D:3)
  A fungus (D:5)
  2 plants (D:5)
7 creatures vanquished.

Grand Total: 125 creatures vanquished

Notes
Turn   | Place    | Note
-------+----------+-------------------------------------------
     0 | D:1      | H0rd4k the Human Artificer began the quest for the Orb.
     0 | D:1      | Reached XP level 1. HP: 15/15 MP: 1/1
   318 | D:1      | Reached XP level 2. HP: 7/21 MP: 2/2
  1154 | D:1      | Found a faded altar of an unknown god.
  1280 | D:1      | Reached XP level 3. HP: 7/26 MP: 3/3
  2130 | D:2      | Reached skill level 1 in Maces & Flails
  2243 | D:2      | Reached XP level 4. HP: 13/32 MP: 4/4
  4308 | D:3      | Reached skill level 2 in Maces & Flails
  4308 | D:3      | Reached XP level 5. HP: 6/38 MP: 5/5
  5080 | D:3      | Reached XP level 6. HP: 39/46 MP: 6/6
  5162 | D:3      | Reached skill level 3 in Maces & Flails
  5758 | D:4      | Noticed Dowan
  5768 | D:4      | Your ally Dowan died
  6372 | D:5      | Entered Level 5 of the Dungeon
  6383 | D:5      | Noticed an ogre
  6398 | D:4      | Reached skill level 4 in Maces & Flails
  6398 | D:4      | Reached XP level 7. HP: 16/52 MP: 7/7
  6804 | D:5      | Found a runed translucent gate.
  6804 | D:5      | Found a runed translucent gate.
  6805 | D:5      | Found a runed translucent gate.
  6806 | D:5      | Noticed qipq's ghost (novice OgFE)
  6959 | D:5      | Reached skill level 5 in Maces & Flails
  7063 | D:5      | Reached XP level 8. HP: 48/60 MP: 8/8
  7578 | D:5      | Reached skill level 6 in Maces & Flails
  8179 | D:5      | Found a glowing silver altar of Zin.
  8179 | D:5      | Found a basalt altar of Yredelemnul.
  8239 | D:6      | Noticed a yak
  8240 | D:6      | Noticed a yak
  8240 | D:6      | Noticed a yak
  8942 | D:5      | Killed a yak
  8943 | D:5      | Reached skill level 7 in Maces & Flails
  9386 | D:6      | Reached XP level 9. HP: 41/66 MP: 9/9
  9554 | D:6      | Noticed Prince Ribbit
  9619 | D:6      | Found a staircase to the Ecumenical Temple.
  9624 | D:6      | Shot with an arrow by a centaur

Illustrated notes

Levels and vault maps discovered:
D:1:      nzn_arrival_crosshair, layout_loops_corners,
          chequers_ecumenical_altar_simple, hangedman_feature_mirror
D:2:      layout_loops_ring
D:3:      layout_loops_cross
D:4:      layout_cave_pools, st_stairs_10, uniq_pikel, uniq_duvessa
D:5:      layout_cave_pools, gammafunk_temple_overflow_elements,
          gammafunk_ghost_nasty_kobolds
D:6:      layout_loops_ring, minmay_temple_entry_tees,
          chequers_decorated_corner, uniq_prince_ribbit1

Skill      XL: |  1  2  3  4  5  6  7  8 |
---------------+-------------------------+-----
Maces & Flails | 1 2 4 5 7 |  7.8
Fighting       | 2 3 4 |  4.7
Evocations     | 4 |  4.3
Dodging        | 2 3 |  3.9
Axes           | |  0.4
Armour         | |  2.0
Stealth        | |  1.0

Action                   |  1- 3 |  4- 6 |  7- 9 || total
-------------------------+-------+-------+-------++-------
Melee: Club              |    38 |       |       ||    38
       Mace              |    85 |    79 |       ||   164
       Punch             |     1 |     1 |     1 ||     3
       War axe           |       |     9 |       ||     9
       Flail             |       |   118 |   180 ||   298
Throw: Dart              |       |       |     8 ||     8
Evoke: Wand              |     5 |    17 |     6 ||    28
       Piece from Xom's  |       |     1 |     2 ||     3
  Use: Scroll            |       |       |     1 ||     1
 Stab: Sleeping          |       |     2 |       ||     2
       Distracted        |       |       |     1 ||     1
Armor: Leather armour    |    54 |    74 |    32 ||   160
Dodge: Dodged            |    85 |   156 |   104 ||   345
